[Event "*** Titled Tuesday Blitz"]
[Site "Chess.com"]
[Date "2020.10.20"]
[Round "8"]
[White "GalperinPlaton"]
[Black "RaunakSadhwani2005"]
[Result "1-0"]
[WhiteElo "2842"]
[BlackElo "2950"]
[TimeControl "180+1"]
[EndTime "11:36:13 PDT"]
[Termination "GalperinPlaton won by resignation"]

1. e4 e5 2. Nf3 Nc6 3. Bb5 Nf6 4.
O-O Nxe4 5. d4 Nd6 6. dxe5 Nxb5 7.
a4 Nbd4 8. Nxd4 Nxd4 9. Qxd4 d5 10. Nc3 c6 11. a5 Bf5 12. Re1 Be7 13. e6 O-O 14. exf7+ Rxf7 15. Bf4 Bxc2 16. Be5 Qd7 17.
b4 Raf8 18. f3 g5 19. Rac1 Bg6 20. b5 g4 21. f4 a6 22. bxc6 bxc6 23. Na4 h5 24.
Rc3 h4 25. Rec1 g3 26. hxg3 Qg4 27. Rxc6 Qxg3 28. f5 Bf6 29. Rxf6 Rxf6 30. Bxg3 1-0

[Event "*** Titled Tuesday Blitz"]
[Site "Chess.com"]
[Date "2020.10.20"]
[Round "8"]
[White "scarabee43"]
[Black "manitodeplomo"]
[Result "1-0"]
[WhiteElo "2508"]
[BlackElo "2658"]
[TimeControl "180+1"]
[EndTime "11:36:13 PDT"]
[Termination "scarabee43 won by checkmate"]

1. Nf3 g6 2. c4 Bg7 3. d4 c5 4. d5 d6 5. Nc3 e6 6. e4 exd5 7. cxd5 a6 8. a4 Ne7 9. Be2 O-O 10. O-O Bg4 11. Nd2 Bxe2 12. Qxe2 Nd7 13. Nc4 Ne5 14. Bf4 Nxc4 15. Qxc4 h6 16. Rfe1 g5 17. Bg3 Ng6 18. Qb3 Qd7 19. Nd1 Rae8 20. f3 f5 21. Nc3 Bd4+ 22. Bf2 Bxf2+ 23. Kxf2 Ne5 24. Kg1 f4 25. h3 h5 26. Nd1 Re7 27.
Nf2 Rg7 28. Nd3 Nxf3+ 29. gxf3 g4 30. Kf2 gxf3 31. Rg1 Rg3 32. Nxf4 h4 33. Qxf3 Qh7 34. Rxg3+ hxg3+ 35. Kxg3 Kh8 36. Rf1 Rg8+ 37. Kh2 Qh6 38. Rg1 Rxg1 39. Kxg1 Qg7+ 40. Qg2 Qd4+ 41. Kh1 Qd1+ 42.
Kh2 Qxa4 43. Ne6 Qd1 44. Qg7# 1-0

[Event "*** Titled Tuesday Blitz"]
[Site "Chess.com"]
[Date "2020.10.20"]
[Round "8"]
[White "Eliwood44"]
[Black "BlackBoarder"]
[Result "0-1"]
[WhiteElo "2437"]
[BlackElo "2596"]
[TimeControl "180+1"]
[EndTime "11:36:13 PDT"]
[Termination "BlackBoarder won by resignation"]

1. d4 e6 2. Nf3 Nf6 3. e3 b6 4.
Bd3 Bb7 5. O-O c5 6. c4 Be7 7. Nc3 cxd4 8. exd4 d5 9. cxd5 Nxd5 10. Ne5 O-O 11.
Qh5 Nf6 12. Qh4 Nc6 13. Be3 Nxe5 14. dxe5 Qxd3 15. exf6 Bxf6 16. Qg3 Rfd8 17. Rfd1 Qg6 18. Nb5 Bxb2 19. Rab1 Bf6 20. Rxd8+ Bxd8 21. Rd1 Qxg3 22. hxg3 Bf6 23. Rc1 a6 24. Nd6 Bd5 25. Bxb6 Bxa2 26.
Nb7 h6 27. Na5 Bd5 28. Be3 Rb8 29. Rc7 Bd8 30. Rc5 Kh7 31. Nc6 Rb1+ 32. Kh2 Bb6 33. Rc2 Bxe3 34. fxe3 Bxc6 35. Rxc6 a5 36. Rc7 Kg6 37. Ra7 Ra1 38. g4 a4 39. Kg3 a3 40.
Kf4 Kf6 41. Ra5 a2 42. Rxa2 Rxa2 0-1

[Event "*** Titled Tuesday Blitz"]
[Site "Chess.com"]
[Date "2020.10.20"]
[Round "8"]
[White "orestn"]
[Black "brunomorado"]
[Result "1-0"]
[WhiteElo "2433"]
[BlackElo "2311"]
[TimeControl "180+1"]
[EndTime "11:36:13 PDT"]
[Termination "orestn won by resignation"]

1. e4 c5 2. Nf3 Nc6 3. d4 cxd4 4. Nxd4 e5 5. Nb5 d6 6. N1c3 a6 7. Na3 b5 8. Nd5 Nce7 9. c4 Nxd5 10. cxd5 f5 11.
exf5 Bxf5 12. Bd3 e4 13. Be2 Nf6 14. Nc2 Be7 15. O-O O-O 16. Be3 Qe8 17. Nd4 Bd7 18. Rc1 Nxd5 19. Qb3 Qf7 20. Rfd1 Nxe3 21. Qxe3 d5 22.
Rc7 Bd6 23. Rb7 Rfb8 24. Rxb8+ Rxb8 25. g3 Rc8 26. Nb3 Be5 27. Qb6 Qe6 28. Qa7 Rc2 29.
Bf1 Bc8 30. Bg2 Bxb2 31. Nd4 Qf6 32. Nxc2 1-0

[Event "*** Titled Tuesday Blitz"]
[Site "Chess.com"]
[Date "2020.10.20"]
[Round "8"]
[White "ExtremeLearner"]
[Black "Iskusnyh"]
[Result "0-1"]
[WhiteElo "2383"]
[BlackElo "2562"]
[TimeControl "180+1"]
[EndTime "11:36:14 PDT"]
[Termination "Iskusnyh won by resignation"]

1. d4 d5 2. Nf3 Nf6 3. g3 c6 4. Bg2 Bf5 5. c4 e6 6. Nc3 Nbd7 7. Qb3 Qb6 8. c5 Qa6 9. e4 Nxe4 10. Bf1 b5 11.
Be3 Be7 12. Nxb5 cxb5 13. Bxb5 Qa5+ 14. Kf1 Rb8 15. Bxd7+ Kxd7 16. Ne5+ Kc8 17. Qxb8+ Kxb8 18. Nc6+ Kc7 19. Nxa5 g5 20. Ke2 Rb8 21. Nb3 Kc6 22. Rhc1 g4 23. Bf4 Rb5 24. Rab1 Bd8 25. Ra1 a5 26.
Nd2 Rxb2 27. Rab1 Rxa2 28. Rb8 Nxd2 29. Bxd2 Bg5 30. Rf8 Bxd2 31. Rd1 Bh6+ 0-1

[Event "*** Titled Tuesday Blitz"]
[Site "Chess.com"]
[Date "2020.10.20"]
[Round "8"]
[White "ambaixador"]
[Black "Caterpiller35"]
[Result "0-1"]
[WhiteElo "2303"]
[BlackElo "2427"]
[TimeControl "180+1"]
[EndTime "11:36:14 PDT"]
[Termination "Caterpiller35 won by resignation"]

1. Nf3 Nf6 2. c4 e6 3. g3 b6 4. Bg2 Bb7 5. O-O c5 6. Nc3 Be7 7. a3 O-O 8. Rb1 d6 9. b4 Nbd7 10. d3 Rc8 11. Bd2 Qc7 12. Qb3 Rfd8 13. b5 Qb8 14. a4 d5 15. a5 d4 16. Na4 e5 17. Ra1 h6 18. Qc2 Bd6 19. Rfe1 Re8 20. e3 e4 21. Nh4 exd3 22. Qxd3 Bxg2 23. Kxg2 Qb7+ 24. f3 Ne5 25. Qf1 d3 26. Nb2 Rcd8 27. Ra3 g5 28. Nf5 g4 29. Nh4 gxf3+ 30. Nxf3 Ne4 31.
Rd1 Ng5 32. e4 Ngxf3 33. Bxh6 Qxe4 34. Nxd3 Nd2+ 35. Kg1 Nxf1 36. Rxf1 Nxd3 0-1

[Event "*** Titled Tuesday Blitz"]
[Site "Chess.com"]
[Date "2020.10.20"]
[Round "8"]
[White "elcandado"]
[Black "1stSecond"]
[Result "0-1"]
[WhiteElo "2583"]
[BlackElo "2771"]
[TimeControl "180+1"]
[EndTime "11:36:15 PDT"]
[Termination "1stSecond won by resignation"]

1. d4 Nf6 2. Bf4 c5 3. c3 b6 4. e3 Bb7 5. Nd2 g6 6. Ngf3 Bg7 7. h3 O-O 8. Be2 d6 9. O-O Nbd7 10. Bh2 a6 11. a4 Rc8 12. Qb3 Rc7 13. Rfe1 Qa8 14.
Bf1 Rfc8 15. c4 Ne4 16. d5 Nxd2 17. Nxd2 Rf8 18. e4 Qd8 19. f4 e5 20. f5 Bh6 21.
Nf3 gxf5 22. exf5 Kh8 23. Bg3 Rg8 24. Bh4 f6 25. g4 Bc8 26. Kh1 Qf8 27. Qd3 Bf4 28.
Re4 h5 29. gxh5 Qh6 30. Be2 Qxh5 31. Rxf4 exf4 32. Qe4 Qh6 33. Qe7 Rg7 34. Qd8+ Kh7 35.
Qxc7 Ne5 36. Qxc8 Nxf3 37. Bxf3 Qxh4 38. Bg2 f3 39. Rg1 Qg3 0-1

[Event "*** Titled Tuesday Blitz"]
[Site "Chess.com"]
[Date "2020.10.20"]
[Round "8"]
[White "FredyMatsuura"]
[Black "Ty3oB"]
[Result "1-0"]
[WhiteElo "2396"]
[BlackElo "2243"]
[TimeControl "180+1"]
[EndTime "11:36:15 PDT"]
[Termination "FredyMatsuura won by resignation"]

1. d4 Nf6 2. c4 e5 3. e3 exd4 4.
exd4 d5 5. Nc3 Bb4 6. Bg5 O-O 7. Be2 c5 8. cxd5 cxd4 9. Qxd4 Nc6 10. Bxf6 Nxd4 11.
Bxd8 Nc2+ 12. Kd2 Nxa1 13. Bh4 Bf5 14. Bd3 Bxd3 15. Kxd3 f6 16. Nge2 g5 17. Bg3 f5 18.
f3 Rad8 19. Rxa1 f4 20. Bf2 Rf6 21. Bd4 Rfd6 22. Ne4 Ra6 23. a3 Be7 24. N2c3 b5 25. Re1 b4 26. axb4 Bxb4 27. Bf6 Bxc3 28. bxc3 Rxd5+ 29. Bd4 Rb5 30. Re2 Kf7 31. Kc4 Raa5 32. Nd6+ 1-0

[Event "*** Titled Tuesday Blitz"]
[Site "Chess.com"]
[Date "2020.10.20"]
[Round "8"]
[White "kinga2008"]
[Black "pedro_nascimento85"]
[Result "0-1"]
[WhiteElo "2147"]
[BlackElo "2018"]
[TimeControl "180+1"]
[EndTime "11:36:15 PDT"]
[Termination "pedro_nascimento85 won on time"]

1. e4 e6 2. d4 d5 3. exd5 exd5 4. c4 Nf6 5. cxd5 Nxd5 6. Nc3 Be7 7. Nf3 O-O 8. Bd3 Bg4 9. O-O Bf6 10. Be3 Re8 11.
Re1 Kh8 12. h3 Bh5 13. Bc4 Nxe3 14. fxe3 Bg5 15. Nxg5 Qxg5 16. Qd2 Nd7 17. Be2 Bg6 18. Bf3 c6 19. Rad1 Nb6 20. b3 Rad8 21. e4 Qe7 22.
a4 Qb4 23. Qc2 f6 24. Kh1 Bf7 25. d5 cxd5 26. exd5 Rxe1+ 27. Rxe1 Bxd5 28. Rd1 Qc5 29. b4 Qc6 0-1

[Event "*** Titled Tuesday Blitz"]
[Site "Chess.com"]
[Date "2020.10.20"]
[Round "8"]
[White "Semetey"]
[Black "Anton_Demchenko"]
[Result "1-0"]
[WhiteElo "2536"]
[BlackElo "2798"]
[TimeControl "180+1"]
[EndTime "11:36:17 PDT"]
[Termination "Semetey won on time"]

1. d4 Nf6 2. c4 g6 3. Nc3 Bg7 4. Bg5 h6 5. Bh4 d6 6. e3 O-O 7. Bd3 c5 8. Nf3 cxd4 9. exd4 Nc6 10. O-O Bg4 11. Be2 g5 12. Bg3 Nh5 13. d5 Nxg3 14. fxg3 Bxf3 15. Rxf3 Ne5 16. Re3 Qb6 17. Qd2 Rac8 18.
b3 Ng6 19. Kh1 a6 20. Rf1 Qa5 21. Bg4 Rc7 22. Bf5 Ne5 23. Bb1 Ng4 24. Ref3 b5 25.
Qc2 f5 26. Rxf5 Rxf5 27. Qxf5 Nf6 28. Ne4 bxc4 29. Qe6+ Kh8 30. Nxf6 Bxf6 31. Qf7 1-0

[Event "*** Titled Tuesday Blitz"]
[Site "Chess.com"]
[Date "2020.10.20"]
[Round "8"]
[White "Harsha_Bharathakoti"]
[Black "Carnivoras"]
[Result "1-0"]
[WhiteElo "2785"]
[BlackElo "2634"]
[TimeControl "180+1"]
[EndTime "11:36:18 PDT"]
[Termination "Harsha_Bharathakoti won by resignation"]

1. c4 c6 2. Nf3 Nf6 3. Nc3 d5 4. e3 e6 5. b3 Nbd7 6. Bb2 Bd6 7. Qc2 O-O 8. Be2 a6 9. Rg1 b5 10. g4 b4 11. g5 bxc3 12. gxf6 cxd2+ 13. Qxd2 Nxf6 14. Qc3 e5 15. Nxe5 Ne4 16. Nxc6 Nxc3 17. Bxc3 Qe8 18. Rxg7+ Kh8 19. Rxf7+ Kg8 20. Rg7+ Kh8 21.
Re7+ Kg8 22. Rg7+ Kh8 23. Rg5+ 1-0

[Event "*** Titled Tuesday Blitz"]
[Site "Chess.com"]
[Date "2020.10.20"]
[Round "8"]
[White "Das_Virus_2020"]
[Black "ShapkinAnatoliy"]
[Result "0-1"]
[WhiteElo "2425"]
[BlackElo "2643"]
[TimeControl "180+1"]
[EndTime "11:36:19 PDT"]
[Termination "ShapkinAnatoliy won by resignation"]

1. e4 e5 2. Nc3 Nf6 3. g3 d5 4. exd5 Nxd5 5. Bg2 Nf6 6. d3 h6 7. Nge2 Nc6 8. O-O Bc5 9. Ne4 Nxe4 10. dxe4 Qxd1 11. Rxd1 Bg4 12. Bf1 Nd4 13. Nxd4 Bxd1 14. Nb5 O-O-O 15. Bd3 c6 16. Nc3 Bg4 17. Kg2 Kc7 18.
h3 Be6 19. Bd2 Bc4 20. Na4 Bxd3 21. Nxc5 Bxc2 22. Bc3 Rhe8 23. Rc1 Bd3 24. Kf3 b6 25. Nb3 Kb7 26. Nd2 f6 27. Kg2 c5 28. b3 Bb5 29. a4 Bc6 30. Kf3 Rd3+ 31. Ke2 Red8 32. f3 Kb8 33. Nc4 Bb7 34. Rc2 Ba6 35. Kf2 Bxc4 36. bxc4 Rd1 37. a5 Kb7 38. axb6 axb6 39. h4 h5 40. Kg2 Rb1 41. Kf2 Rd3 42. Ke2 Rdd1 43. Bd2 Kc6 44. Kf2 b5 45. cxb5+ Kxb5 46. Ke2 c4 47. Ra2 Rh1 48. Ra5+ Kb6 49. Rd5 Rh2+ 0-1

[Event "*** Titled Tuesday Blitz"]
[Site "Chess.com"]
[Date "2020.10.20"]
[Round "8"]
[White "GMJustin"]
[Black "margarita_2703"]
[Result "0-1"]
[WhiteElo "2270"]
[BlackElo "2412"]
[TimeControl "180+1"]
[EndTime "11:36:20 PDT"]
[Termination "margarita_2703 won on time"]

1. e4 e5 2. f4 d5 3. exd5 exf4 4. Nf3 Be7 5. Bb5+ c6 6. dxc6 bxc6 7. Bc4 Bh4+ 8. Kf1 Bg4 9. Bxf7+ Kxf7 10. Ne5+ Kf8 11. Qxg4 Bf6 12. Qxf4 Qe7 13. d4 Na6 14. b3 Rd8 15.
Ba3 c5 16. Nc6 Qd6 17. Qxd6+ Rxd6 18. Na5 Rxd4 19. Nc3 Rf4+ 20. Ke2 Bxc3 21. Raf1 Rxf1 22. Rxf1+ Nf6 23. Nb7 Bb4 24. Bb2 Ke7 25. a3 Rb8 26. axb4 Rxb7 27. bxc5 Nb4 28. c3 Nc6 29. b4 a5 30. Rf4 axb4 31. cxb4 Rxb4 32. Rf5 Rxb2+ 33. Kf3 Nd4+ 0-1

[Event "*** Titled Tuesday Blitz"]
[Site "Chess.com"]
[Date "2020.10.20"]
[Round "8"]
[White "Flawless_Fighter"]
[Black "dpopadic"]
[Result "1-0"]
[WhiteElo "2577"]
[BlackElo "2397"]
[TimeControl "180+1"]
[EndTime "11:36:21 PDT"]
[Termination "Flawless_Fighter won by resignation"]

1. e4 c5 2. Nf3 Nc6 3. Bb5 d6 4. O-O Bd7 5. Re1 Nf6 6. h3 a6 7. Bf1 g6 8. c3 Bg7 9. d4 O-O 10. d5 Nb8 11. c4 b5 12. e5 Ne8 13. Nc3 bxc4 14. Bxc4 dxe5 15. Nxe5 Nd6 16. Bf1 Nf5 17. Bf4 Nd4 18. Qd2 Bb5 19. Rad1 Bxf1 20. Rxf1 Nd7 21. Nc6 Qe8 22. Rfe1 e5 23. dxe6 fxe6 24. Nxd4 cxd4 25. Ne4 e5 26. Bg3 Qe6 27. Qd3 Qxa2 28. b3 Rfc8 29. Nd6 Rc3 30. Qe4 Nb6 31. Bxe5 Qxb3 32. Bxg7 Kxg7 33.
Qxd4+ Kg8 34. Re7 Qxd1+ 35. Qxd1 1-0

[Event "*** Titled Tuesday Blitz"]
[Site "Chess.com"]
[Date "2020.10.20"]
[Round "8"]
[White "DonBroca"]
[Black "Cambek64"]
[Result "0-1"]
[WhiteElo "2130"]
[BlackElo "2301"]
[TimeControl "180+1"]
[EndTime "11:36:21 PDT"]
[Termination "Cambek64 won on time"]

1. e4 e6 2. d4 d5 3. exd5 Qxd5 4. Nf3 Nf6 5. Bd3 Be7 6. O-O O-O 7. c4 Qd8 8. Nc3 b6 9. Bf4 Bb7 10. Qe2 a6 11.
Rfd1 Re8 12. Rac1 Nbd7 13. Ne5 Qc8 14. Ne4 c5 15. dxc5 Nxc5 16. Nxc5 Qxc5 17. b3 Rad8 18. Bc2 g6 19. Nd3 Qc6 20. f3 Nh5 21. Be5 Bf6 22.
Bxf6 Nxf6 23. Ne5 Qc5+ 24. Kh1 Qc7 25. Nd3 Rd4 26. Nf2 Red8 27. Rxd4 Rxd4 28. Rd1 Qd6 29. Rd3 h5 30. Qd2 Rxd3 31. Qxd3 Qe5 32. Qd1 Kg7 33. Nd3 Qd4 34. Ne1 Qf2 35. Nd3 Qe3 36. Qe1 Qg5 37. Ne5 h4 0-1

[Event "*** Titled Tuesday Blitz"]
[Site "Chess.com"]
[Date "2020.10.20"]
[Round "8"]
[White "SchieberSpieler"]
[Black "oneshot007"]
[Result "1-0"]
[WhiteElo "2433"]
[BlackElo "2311"]
[TimeControl "180+1"]
[EndTime "11:36:22 PDT"]
[Termination "SchieberSpieler won by resignation"]

1. Nf3 c5 2. c4 g6 3. d4 cxd4 4. Nxd4 Bg7 5. e4 Nc6 6. Be3 Qb6 7. Nb3 Qd8 8. Nd4 Qb6 9. Nb5 Qa5+ 10. N1c3 Nf6 11. f3 O-O 12. Be2 a6 13. Nd4 d6 14. Qd2 Nh5 15. Nxc6 bxc6 16. Rc1 f5 17. exf5 gxf5 18. f4 Nf6 19. O-O Kh8 20. Rfe1 Bd7 21. Bf3 Rae8 22. h3 Qc7 23. Rcd1 e5 24. Qxd6 Qxd6 25. Rxd6 e4 26. Be2 Rf7 27. Red1 Bf8 28. Rxf6 Rxf6 29. Bd4 Kg7 30. Bxf6+ Kxf6 31. Rxd7 Bc5+ 32.
Kf1 Be3 33. g3 Rb8 34. Nd1 Bc5 35. Rc7 Rb6 36. Rxh7 Bd4 37. g4 fxg4 38. hxg4 Rb8 39. Rh6+ Kg7 40. Rxc6 Rh8 41. Kg2 Bf6 42. g5 Be7 43.
Rc7 Kf8 44. Rc8+ 1-0

[Event "*** Titled Tuesday Blitz"]
[Site "Chess.com"]
[Date "2020.10.20"]
[Round "8"]
[White "HanSchut"]
[Black "mjray79"]
[Result "0-1"]
[WhiteElo "2261"]
[BlackElo "2408"]
[TimeControl "180+1"]
[EndTime "11:36:22 PDT"]
[Termination "mjray79 won by resignation"]

1. e4 e5 2. Nf3 Nc6 3. Bc4 Bc5 4. b4 Bxb4 5. c3 Ba5 6. d4 b5 7.
Bxb5 Nxd4 8. Bc4 Nxf3+ 9. gxf3 Nf6 10. Ba3 Bb6 11. Qb3 d5 12. exd5 e4 13. Nd2 a5 14.
fxe4 a4 15. Qc2 Ng4 16. Rf1 Nxh2 17. O-O-O Nxf1 18. Rxf1 Bd7 19. e5 c5 20. dxc6 Bxc6 21. Ne4 Bxe4 22. Qxe4 Ra5 23. Rd1 Qc7 24. Rd5 Bc5 25.
Qf5 Bxa3+ 26. Kc2 Rxd5 27. Bxd5 O-O 28. e6 g6 29. exf7+ Kg7 30. Qf3 Qe5 0-1

[Event "*** Titled Tuesday Blitz"]
[Site "Chess.com"]
[Date "2020.10.20"]
[Round "8"]
[White "sopo-tereladze"]
[Black "bazar-wokzal"]
[Result "1-0"]
[WhiteElo "2311"]
[BlackElo "2486"]
[TimeControl "180+1"]
[EndTime "11:36:22 PDT"]
[Termination "sopo-tereladze won by resignation"]

1. e4 Nc6 2. d4 d5 3. exd5 Qxd5 4. Nc3 Qxd4 5. Be3 Qe5 6. Nf3 Qa5 7. Bc4 Bg4 8. h3 Bxf3 9. Qxf3 e6 10. O-O-O Bb4 11. Nb5 a6 12. Nd4 Nge7 13. Nxe6 fxe6 14. Bxe6 Ne5 15.
Qxb7 Rd8 16. Rxd8+ Kxd8 17. Qb8+ Nc8 18. Qxc8+ Ke7 19.
Bg5+ Kd6 20. Rd1+ Kc6 21. Qxh8 Nd3+ 22. Rxd3 Qxg5+ 23. Kb1 Qxg2 24. Qe8+ Kb6 25. Qb8+ Ka5 26. Qxc7+ Ka4 27. Bd7+ 1-0

[Event "*** Titled Tuesday Blitz"]
[Site "Chess.com"]
[Date "2020.10.20"]
[Round "8"]
[White "Radzio1987"]
[Black "Barmen_EV"]
[Result "1-0"]
[WhiteElo "2793"]
[BlackElo "2520"]
[TimeControl "180+1"]
[EndTime "11:36:23 PDT"]
[Termination "Radzio1987 won on time"]

1. c4 e6 2. Nc3 d5 3. d4 Bb4 4. Nf3 Nf6 5. Bg5 h6 6. Bxf6 Qxf6 7. Qa4+ Nc6 8. e3 O-O 9. Be2 Bd7 10. Qb3 dxc4 11. Qxc4 Qe7 12. a3 Bd6 13. Nd2 a6 14. Nde4 e5 15. d5 Nd8 16. g4 b5 17. Qd3 Nb7 18.
h4 f5 19. gxf5 Bxf5 20. Qd1 b4 21. axb4 Bxb4 22. Bd3 Bxe4 23. Bxe4 Bxc3+ 24. bxc3 Nd6 25. Bg6 Qf6 26. Qc2 e4 27. h5 Qe5 28. Ra4 Qxd5 29. Rd4 Qe5 30. Bxe4 Rae8 31. Bg6 Re6 32. Qb3 Kh8 33.
Qd5 Nb5 34. Qxe5 Rxe5 35. Rc4 a5 36. Ke2 Ra8 37. Rd1 1-0

[Event "*** Titled Tuesday Blitz"]
[Site "Chess.com"]
[Date "2020.10.20"]
[Round "8"]
[White "GameOverBro"]
[Black "AttractiveMustard"]
[Result "1-0"]
[WhiteElo "2515"]
[BlackElo "2352"]
[TimeControl "180+1"]
[EndTime "11:36:24 PDT"]
[Termination "GameOverBro won on time"]

1. e4 c5 2. Ne2 Nc6 3. Nbc3 e5 4. Ng3 d6 5. Bc4 Nf6 6. d3 Be7 7. f4 Bg4 8. Qd2 exf4 9. Qxf4 Nd4 10. Qf2 O-O 11. O-O Rb8 12. a4 Be6 13. h3 Bxc4 14.
dxc4 Qd7 15. Bg5 Qe6 16. b3 h6 17. Be3 Nc6 18. Rad1 Rfe8 19. Bf4 Kh7 20. Rfe1 Rbd8 21. Nd5 Rd7 22. Nxe7 Nxe7 23. Bxd6 Rxd6 24. Rxd6 Qxd6 25. e5 Qd7 26. exf6 Ng6 27. Rxe8 Qxe8 28. fxg7 Kxg7 29. Qxc5 Qe1+ 30. Kh2 b6 31. Qd4+ Qe5 32. Qxe5+ Nxe5 33. Nf5+ Kg6 34. Nd6 f5 35. Nc8 Nc6 36. Kg3 a5 37.
Nxb6 Nd4 38. c5 Kf6 39. Nc4 Nxc2 40. Nxa5 Ke6 41. Kf4 Nd4 42. c6 Ne2+ 43. Ke3 Nc3 44. Kd4 Nd5 45. Nc4 Nf4 46. b4 Nxg2 47. b5 1-0

[Event "*** Titled Tuesday Blitz"]
[Site "Chess.com"]
[Date "2020.10.20"]
[Round "8"]
[White "tteshan"]
[Black "tylityli"]
[Result "0-1"]
[WhiteElo "2379"]
[BlackElo "2246"]
[TimeControl "180+1"]
[EndTime "11:36:24 PDT"]
[Termination "tylityli won by resignation"]

1. e4 e5 2. Nf3 Nc6 3. Bb5 a6 4. Ba4 Nf6 5. O-O b5 6. Bb3 Be7 7. Re1 d6 8. c3 O-O 9. h3 Nd7 10. d4 Bf6 11. Be3 Na5 12. Bc2 Nc4 13. b3 Nxe3 14. fxe3 Bb7 15. Nbd2 c5 16. d5 g6 17. a4 Bg7 18. axb5 axb5 19. Qe2 Qb6 20. Bd3 b4 21. Nc4 Qc7 22. cxb4 cxb4 23. Rec1 Nc5 24. Rxa8 Rxa8 25.
Nb2 Ra3 26. Qd1 Qe7 27. Nd2 Qg5 28. Ndc4 Ra2 29. Ra1 Rxa1 30. Qxa1 Nxb3 31. Qa7 Nc5 32. Qb8+ Bf8 33. Nxd6 Qxe3+ 34. Kh2 Nxd3 35. Nxd3 Qxd3 36.
Qxb7 Bxd6 37. Qc6 Bf8 38. Qe8 Qd4 39. Qb5 Qxe4 0-1

[Event "*** Titled Tuesday Blitz"]
[Site "Chess.com"]
[Date "2020.10.20"]
[Round "8"]
[White "BigAl"]
[Black "Vanina1989"]
[Result "1-0"]
[WhiteElo "2480"]
[BlackElo "2643"]
[TimeControl "180+1"]
[EndTime "11:36:25 PDT"]
[Termination "BigAl won by resignation"]

1. Nf3 d5 2. g3 c6 3. Bg2 Bg4 4. O-O Nd7 5. d3 e6 6. c4 Bc5 7.
h3 Bh5 8. g4 Bg6 9. b4 Bd6 10.
b5 Ngf6 11. bxc6 bxc6 12. Qa4 O-O 13. Ba3 Nb6 14. Qxc6 Bxa3 15. Nxa3 Qe7 16. Nb5 dxc4 17. dxc4 Rfd8 18. Rfd1 Be4 19. Qc7 Qxc7 20. Nxc7 Nxc4 21. Nxa8 Rxa8 22. Nd2 Nxd2 23. Rxd2 Bxg2 24. Kxg2 h5 25.
Rad1 Nd5 26. e4 Nc3 27. Rd8+ Rxd8 28. Rxd8+ Kh7 29. Rd7 a5 30. a3 Nxe4 31. Ra7 hxg4 32. hxg4 Nf6 33. f3 Nd5 34. Rxa5 Kg6 35. Rb5 Nc3 36. Rb3 Na4 37. Rb4 Nc5 38. a4 e5 39.
a5 f5 40. a6 1-0

[Event "*** Titled Tuesday Blitz"]
[Site "Chess.com"]
[Date "2020.10.20"]
[Round "8"]
[White "Fy_Rakotomaharo"]
[Black "geordie_derraugh"]
[Result "1-0"]
[WhiteElo "2651"]
[BlackElo "2397"]
[TimeControl "180+1"]
[EndTime "11:36:26 PDT"]
[Termination "Fy_Rakotomaharo won by resignation"]

1. e4 c5 2. Nf3 e6 3. d3 d5 4.
Nbd2 Nc6 5. g3 Nf6 6. Bg2 Be7 7.
O-O O-O 8. Re1 b5 9. Qe2 b4 10. a3 Ba6 11. exd5 Nxd5 12. Nc4 bxa3 13. Rxa3 Bb5 14. Bd2 Bf6 15. c3 Nb6 16. Rea1 Bxc4 17. dxc4 Qc7 18. Bg5 a5 19. Bxf6 gxf6 20. Nd2 Ra7 21.
Bxc6 Qxc6 22. Rxa5 Rxa5 23. Rxa5 f5 24. Qe3 Rc8 25. b3 Nd7 26. Nf3 Qd6 27. Kg2 Qd1 28. Rb5 Ra8 29. Rb7 Ra1 30. Kh3 Qf1+ 31. Kh4 Nf8 32. Rb8 Kg7 33. Qe5+ f6 34. Qc7+ Kg6 35.
Rxf8 1-0

[Event "*** Titled Tuesday Blitz"]
[Site "Chess.com"]
[Date "2020.10.20"]
[Round "8"]
[White "Chernobay_Artem"]
[Black "Durarbayli"]
[Result "0-1"]
[WhiteElo "2586"]
[BlackElo "2777"]
[TimeControl "180+1"]
[EndTime "11:36:27 PDT"]
[Termination "Durarbayli won by resignation"]

1. d4 Nf6 2. c4 e6 3. Nf3 b6 4. g3 Bb7 5. Bg2 Bb4+ 6. Nbd2 O-O 7. O-O c5 8. a3 Bxd2 9. Qxd2 d5 10. cxd5 exd5 11. Qc2 Nbd7 12. Bf4 Rc8 13. dxc5 bxc5 14. Rfd1 Re8 15. Rac1 h6 16. Qd3 Qb6 17. Rc2 Ba6 18.
Qd2 Rxe2 19. Qc1 Qb3 20. Rxe2 Bxe2 21. Re1 Bxf3 22. Re3 Qd1+ 23. Qxd1 Bxd1 24. b4 c4 25. Re1 Ba4 26. Bh3 c3 27. Bf5 c2 28. Bd2 g6 29.
Bd3 h5 30. Bc1 Ne4 31. f3 Nc3 32. Kf2 Na2 33. Rh1 Ne5 34. Be2 d4 35. f4 d3 0-1

[Event "*** Titled Tuesday Blitz"]
[Site "Chess.com"]
[Date "2020.10.20"]
[Round "8"]
[White "pfalcon1949"]
[Black "rugbyclub"]
[Result "0-1"]
[WhiteElo "1976"]
[BlackElo "2175"]
[TimeControl "180+1"]
[EndTime "11:36:27 PDT"]
[Termination "rugbyclub won by resignation"]

1. c4 e5 2. Nc3 Nf6 3. g3 Bb4 4. e4 Bxc3 5. bxc3 Nxe4 6. Bg2 Nf6 7. Ne2 O-O 8. O-O d6 9. d4 Re8 10. f4 Nc6 11. dxe5 dxe5 12. Bxc6 Qxd1 13. Rxd1 bxc6 14.
fxe5 Ng4 15. Bf4 Ba6 16. Nd4 c5 17. Nb5 Bxb5 18. cxb5 Nxe5 19. Bxe5 Rxe5 20. Rd7 Rc8 21. c4 Kf8 22. a4 Re4 23. Rc1 Ke8 24. Rd5 c6 25. Rxc5 Rd4 26. bxc6 Ke7 27. Rb1 Kd6 28. Rbb5 Rxc6 29. Rd5+ Rxd5 30. Rxd5+ Kc7 31. c5 Ra6 32. Rd4 Ra5 33. Rf4 f6 34. Re4 Kd7 35. Rc4 Kc6 36. Rg4 g6 37. Rf4 f5 38. g4 Rxc5 39. gxf5 Rxf5 40.
Rg4 Kd6 41. Kg2 Ke5 42. Kg3 Rf1 43. Rb4 Ra1 44. h3 h5 45. Kh4 Ra3 46. Kg5 Rg3+ 47. Kh4 Ra3 48. Kg5 Rxh3 49. Kxg6 h4 50. Kg5 Rh1 51.
a5 h3 52. Rh4 h2 53. Kg4 Rg1+ 54. Kf3 h1=Q+ 55. Rxh1 Rxh1 0-1

[Event "*** Titled Tuesday Blitz"]
[Site "Chess.com"]
[Date "2020.10.20"]
[Round "8"]
[White "RobertoJBM"]
[Black "KaterinaMiroshnik"]
[Result "1-0"]
[WhiteElo "2680"]
[BlackElo "2475"]
[TimeControl "180+1"]
[EndTime "11:36:28 PDT"]
[Termination "RobertoJBM won by resignation"]

1. d4 d6 2. e4 Nd7 3. Nc3 Ngf6 4. f3 e5 5. Nge2 Be7 6. Be3 O-O 7. Qd2 c6 8. O-O-O Qc7 9. Kb1 b5 10. Nc1 a5 11. N3e2 Nb6 12. Ng3 Be6 13. Nf5 Bxf5 14. exf5 Nfd5 15. Bf2 exd4 16. Bxd4 c5 17. Bf2 c4 18. c3 Rfd8 19. g4 Bf6 20. g5 Be7 21. f4 b4 22. Ne2 bxc3 23. Nxc3 Nb4 24. Bd4 f6 25. Rg1 Kh8 26. Qf2 N4d5 27. Nxd5 Nxd5 28. Bg2 Nb4 29. Bxa8 Rxa8 30. gxf6 gxf6 31. Qg2 1-0

[Event "*** Titled Tuesday Blitz"]
[Site "Chess.com"]
[Date "2020.10.20"]
[Round "8"]
[White "C_K_G"]
[Black "MarkkuH"]
[Result "1-0"]
[WhiteElo "2145"]
[BlackElo "2382"]
[TimeControl "180+1"]
[EndTime "11:36:28 PDT"]
[Termination "C_K_G won on time"]

1. e4 c5 2. Nf3 g6 3. c3 Bg7 4.
d4 cxd4 5. cxd4 d5 6. e5 Nc6 7. a3 Bg4 8. Be3 e6 9. Be2 Nge7 10. O-O O-O 11. h3 Bxf3 12. Bxf3 Qb6 13. Nc3 Qxb2 14. Na4 Qb5 15. Rb1 Qa5 16. Rxb7 Nf5 17.
Nc5 Qxa3 18. Qd2 Nxe3 19. fxe3 Bh6 20. Rb3 Bxe3+ 21. Qxe3 Qa2 22. Rfb1 Ne7 23. g4 Qa5 24. Qh6 Kh8 25. Nd7 Ng8 26. Qf4 Rfd8 27. Qxf7 Qd2 28.
Rd1 Qg5 29. Rb7 Nh6 30. Qxe6 Qf4 31. Rf1 Qg3+ 32. Bg2 Qe3+ 33. Kh1 Qxd4 34. Qf6+ Kg8 35. Nc5 1-0